 Dungeon Crawl Stone Soup version 0.29.0-4-gdea44cf6ec (webtiles) character file.

Game seed: 17963124613252818937

0 qw the Sneak (level 1, -6/14 HPs)
             Began as a Gargoyle Delver on Sept 10, 2022.
             Splashed by a jelly's acid (7 damage)
             ... on level 5 of the Dungeon.
             The game lasted 00:00:03 (69 turns).

qw the Sneak (Gargoyle Delver)                        Turns: 69, Time: 00:00:03

Health: -6/14      AC:  5    Str: 15    XL:     1   Next: 0%
Magic:  1/1        EV: 11    Int: 10    God:
Gold:   0          SH:  0    Dex: 11    Spells: 0/0 levels left

rFire   . . .      SeeInvis .   a - +0 hand axe
rCold   . . .      Faith    .   (no shield)
rNeg    + . .      Spirit   .   b - +0 leather armour
rPois   inf        Reflect  .   (no helmet)
rElec   +          Harm     .   (no cloak)
rCorr   .          Rampage  .   (no gloves)
Will    .....                   (no boots)
Stlth   +++.......              (no amulet)
HPRegen 0.04/turn               (no ring)
MPRegen 0.07/turn               (no ring)

@: no status effects
A: sickness immunity, AC +2, negative energy resistance 1, electricity
resistance, torment resistance 1, petrification resistance
a: no special abilities


You were on level 5 of the Dungeon.
You visited 1 branch of the dungeon, and saw 1 of its levels.


Innate Abilities, Weirdness & Mutations

You are immune to sickness and miasma.
Your stone body is resilient. (AC +2)
You are immune to poison.
You resist negative energy. (rN+)
You are resistant to electric shocks. (rElec)
You are resistant to unholy torment.
You are immune to petrification.


   Skills:
 - Level 3.2 Fighting
 + Level 1.7 Axes
 - Level 1.5 Dodging
 - Level 5.4 Stealth


You couldn't memorise any spells.
You didn't know any spells.
Your spell library was empty.

Inventory:

Hand Weapons
 a - a +0 hand axe (weapon)
Armour
 b - a +0 leather armour (worn)
Wands
 g - a wand of digging (3)
Scrolls
 c - a scroll of fog
 d - a scroll of magic mapping
 e - a scroll of fear
Potions
 f - a potion of haste
 h - a potion of mutation {unknown}

Dungeon Overview and Level Annotations

Branches:
Dungeon (5/15)
 Temple: D:4-7

Altars:


Message History

The jelly hits the plant.
The plant is splashed with acid.
The acid corrodes the plant!
The jelly hits the plant.
The plant is splashed with acid.
The plant seems to be corroded for longer.
The jelly hits the plant.
The plant is splashed with acid.
The plant seems to be corroded for longer.
A nearby plant withers and dies.
The jelly hits the plant.
The plant begins to die.
The plant is splashed with acid.
The jelly hits the plant.
The plant is splashed with acid.
The acid corrodes the plant!
The jelly hits the plant.
The plant is splashed with acid.
The plant seems to be corroded for longer.
Something hits the plant.
The plant is splashed with acid.
The plant seems to be corroded for longer.
An adder comes into view.
The adder hisses angrily.
You closely miss the adder. You hit the plant.
The plant begins to die.
The adder closely misses you.
You hit the jelly.
Your hands burn!
The jelly is moderately wounded.
You hit the plant. You closely miss the adder.
The adder bites you but does no damage. The jelly hits you but does no damage.
The adder misses you.
You hit the jelly but do no damage.
Your hands burn!
The jelly is moderately wounded.
You hit the plant. You barely miss the adder.
A nearby plant withers and dies.
The adder bites you but does no damage. The jelly hits you but does no damage.
The adder bites you.
You hit the jelly.
Your hands burn!
The jelly is heavily wounded.
You closely miss the adder. The jelly hits you but does no damage.
The adder bites you but does no damage. The jelly hits you but does no damage.
You barely miss the jelly.
The jelly is heavily wounded.
You hit the adder. The adder bites you. The jelly hits you.
You are splashed with acid!
Ouch! That really hurt!
You die...

PP..P. #7
.PP.P. P
P..P.P7 P
.......7. ..#
#...P..77 ..
#....... #.#
##.....S77.P#
....P..@.7.7#
.P7....J..7.#
7P..7.$....#
P..77.P7..##
J7 77.77...#
7. 7..7P...##
7P77.7J.7...#
7~7.77...7.7
77.7...77..7


You could see a jelly and an adder.

Vanquished Creatures (others)
  7 plants (D:5)
7 creatures vanquished.

Notes
Turn   | Place    | Note
-------+----------+-------------------------------------------
     0 | D:5      | qw the Gargoyle Delver began the quest for the Orb.
     0 | D:5      | Reached XP level 1. HP: 14/14 MP: 1/1
     0 | D:5      | 0 ||| qw: Version: 0.1-a-116-g5d60599
     0 | D:5      | 0 ||| qw: Game counter: 8011
     0 | D:5      | 0 ||| qw: Always use a shield: true
     0 | D:5      | 0 ||| qw: God list: Okawaru
     0 | D:5      | 0 ||| qw: Allow faded altars: false
     0 | D:5      | 0 ||| qw: Do Orc after D:15 true
     0 | D:5      | 0 ||| qw: Do second Lair branch before Depths: true
     0 | D:5      | 0 ||| qw: Lair rune preference: random
     0 | D:5      | 0 ||| qw: Plans: Normal
     0 | D:5      | 0 ||| PLANNING D:1-11
    26 | D:5      | Noticed a jelly
    34 | D:5      | 34 ||| Stepping ~*~*~tactically~*~*~ (stealth).
    37 | D:5      | 37 ||| Stepping ~*~*~tactically~*~*~ (stealth).
    38 | D:5      | 38 ||| Stepping ~*~*~tactically~*~*~ (stealth).
    39 | D:5      | 39 ||| Stepping ~*~*~tactically~*~*~ (stealth).
    40 | D:5      | 40 ||| Stepping ~*~*~tactically~*~*~ (stealth).
    41 | D:5      | 41 ||| Stepping ~*~*~tactically~*~*~ (stealth).
    68 | D:5      | HP: 3/14 [acid (4)]
    69 | D:5      | HP: 1/14 [jelly (1)]
    69 | D:5      | Splashed by a jelly's acid

Levels and vault maps discovered:
D:5:      wad_woods_settlement, layout_loops_ring, cheibrodos_ashenzari_chains,
          minitemple, minmay_temple_entry_crystal_x, saegor_snake_ambush

Action                   || total
-------------------------++-------
Melee: Hand axe          ||     5
Armor: Leather armour    ||     7
Dodge: Dodged            ||     2

Table legend:
 A = Non-vault XP
 B = Vault XP
 C = Vault XP percentage of total XP
 D = Non-vault monster count
 E = Vault monster count
 F = Vault count percentage of total count
                 A         B        C        D         E       F
            +---------+---------+-------+---------+---------+-------
      Total |       0 |       0 |   N/A |       0 |       0 |  -nan
            +---------+---------+-------+---------+---------+-------
            +---------+---------+-------+---------+---------+-------
